 Dungeon Crawl Stone Soup version 0.25-a0-108-gda8bd6c (webtiles) character file.

Game seed: 12884874995931263606, levelgen mode: deterministic

57589 BeowulfAlex the Geomancer (level 14, -2/84 HPs)
             Began as a Gargoyle Earth Elementalist on Nov 17, 2019.
             Was a High Priest of Vehumet.
             Killed by divine providence
             ... invoked by Saint Roka
              (14 damage)
             ... on level 2 of the Orcish Mines.
             The game lasted 01:24:21 (23737 turns).

BeowulfAlex the Geomancer (GrEE)                   Turns: 23737, Time: 01:24:22

Health: -2/84      AC: 31    Str: 14    XL:     14   Next: 86%
Magic:  4/38       EV: 10    Int: 24    God:    Vehumet [*****.]
Gold:   1140       SH:  6    Dex: 19    Spells: 6/36 levels left

rFire    . . .     SeeInvis .   T - +2 flail (drain)
rCold    . . .     Gourm    .   Z - +0 buckler of Kleptomania {Str+3 Dex+6}
rNeg     + . .     Faith    .   R - +6 scale mail of the Bulwark {+Fly Dex+3 Slay+3}
rPois    ∞         Spirit   .   y - +0 helmet
rElec    +         Reflect  .   w - +0 cloak
rCorr    .         Harm     .   V - +0 pair of gloves
MR       +....                  F - +0 pair of boots
Stlth    +.........             (no amulet)
HPRegen  0.24/turn              c - ring of magical power
MPRegen  0.26/turn              v - ring of wizardry

@: flying, studying 2 skills
A: big wings, clever 1, negative energy resistance 1, sense surroundings 1,
electricity resistance, unbreathing, petrification resistance, rot immunity, AC
+10
a: Stop Flying, Renounce Religion


You were on level 2 of the Orcish Mines.
You worshipped Vehumet.
Vehumet was extremely pleased with you.
You were near starving.

You visited 4 branches of the dungeon, and saw 20 of its levels.
You also visited: Bailey.

You collected 2070 gold pieces.
You spent 930 gold pieces at shops.

Inventory:

Hand Weapons
 T - a +2 flail of draining (weapon)
Missiles
 b - 342 stones
 k - 56 poisoned darts (quivered)
 K - 2 atropa-tipped darts
 S - 23 boomerangs
Armour
 w - a +0 cloak (worn)
 y - a +0 helmet (worn)
 B - +0 gold dragon scales
 F - a +0 pair of boots (worn)
 N - a +1 leather armour of magic resistance
 R - the +6 scale mail of the Bulwark (worn) {+Fly Dex+3 Slay+3}
   (You bought it in a shop on level 9 of the Dungeon)

   It affects your dexterity (+3).
   It affects your accuracy and damage with ranged weapons and melee attacks
   (+3).
   It lets you fly.
 U - +0 steam dragon scales
 V - a +0 pair of gloves (worn)
 Z - the +0 buckler of Kleptomania (worn) {Str+3 Dex+6}
   (You found it on level 6 of the Lair of Beasts)

   It affects your strength (+3).
   It affects your dexterity (+6).
Jewellery
 c - a ring of magical power (left hand)
 p - an uncursed amulet of rage
 v - a ring of wizardry (right hand)
 G - an uncursed ring of positive energy
 I - an uncursed ring of resist corrosion
Wands
 m - a wand of flame (20)
 r - a wand of disintegration (45)
 z - a wand of digging (6)
 J - a wand of clouds (5)
 X - a wand of acid (5)
Scrolls
 a - 14 scrolls of remove curse
 e - 2 scrolls of magic mapping
 g - 2 scrolls of immolation
 h - 11 scrolls of teleportation
 n - a scroll of fog
 o - 5 scrolls of enchant armour
 s - 3 scrolls of fear
 x - 6 scrolls of enchant weapon
 D - 2 scrolls of blinking
 L - 4 scrolls of amnesia
 W - a scroll of brand weapon {unknown}
 Y - a scroll of silence {unknown}
Potions
 f - 2 potions of mutation
 i - 7 potions of curing
 j - a potion of ambrosia
 l - 9 potions of flight
 q - a potion of berserk rage
 t - 3 potions of might
 u - 5 potions of brilliance
 H - a potion of invisibility
 M - a potion of lignification {unknown}
 P - 2 potions of agility
 Q - 3 potions of heal wounds
Books
 A - a manual of
Armour
 E - a manual of Shields
Comestibles
 d - 35 rations
 O - 4 chunks of flesh


   Skills:
 + Level 8.2 Fighting
 + Level 7.5 Maces & Flails
 + Level 10.7 Armour
 - Level 1.5 Dodging
 - Level 2.1 Stealth
 - Level 4.0 Shields
 * Level 11.8 Spellcasting
 * Level 13.2 Conjurations
   Level 0.7 Transmutations
 + Level 4.9 Fire Magic
 * Level 14.9 Earth Magic


You had 6 spell levels left.
You knew the following spells:

 Your Spells              Type           Power        Failure   Level  Hunger
a - Sandblast             Erth           ######       1%          1    None
b - Stone Arrow           Conj/Erth      ######       1%          3    None
c - Lee's Rapid Deconstr  Erth           ######....   1%          5    ###....
d - Bolt of Magma         Conj/Fire/Erth ######....   1%          5    ###....
e - Iron Shot             Conj/Erth      ######....   1%          6    #####..
f - Orb of Destruction    Conj           ######....   6%          7    ######.
g - Spectral Weapon       Hex/Chrm       ##......     16%         3    None

Your spell library contained the following spells:

 Spells                   Type           Power        Failure   Level  Hunger
 Bolt of Cold             Conj/Ice       #####.....   14%         6    #####..
 Magic Dart               Conj           ####         1%          1    None
 Passwall                 Tmut/Erth      ######..     1%          2    None
 Searing Ray              Conj           ######       1%          2    None
 Conjure Flame            Conj/Fire      ######..     1%          3    None
 Dazzling Spray           Conj/Hex       #####.       1%          3    None
 Mephitic Cloud           Conj/Pois/Air  #####...     1%          3    None
 Force Lance              Conj/Tloc      #####...     1%          4    None
 Fulminant Prism          Conj/Hex       #####.....   1%          4    None
 Iskenderun's Mystic Bla  Conj           ######..     1%          4    None
 Petrify                  Tmut/Erth      ######..     2%          4    None
 Iskenderun's Battlesphe  Conj/Chrm      #####...     3%          5    ###....
 Venom Bolt               Conj/Pois      #####.....   3%          5    ###....
 Beastly Appendage        Tmut           ###...       4%          1    None
 Animate Skeleton         Necr           N/A          6%          1    None
 Infusion                 Chrm           ##..         6%          1    None
 Pain                     Necr           ##..         6%          1    None
 Sticks to Snakes         Tmut           ###.....     6%          2    None
 Blink                    Tloc           N/A          9%          2    None
 Call Imp                 Summ           ##......     9%          2    None
 Shroud of Golubria       Chrm/Tloc      ##....       9%          2    None
 Slow                     Hex            ##......     9%          2    None
 Song of Slaying          Chrm           ##......     9%          2    None
 Regeneration             Chrm/Necr      ##........   16%         3    None
 Spider Form              Tmut/Pois      ###.......   16%         3    None
 Vampiric Draining        Necr           ##........   16%         3    None
 Ice Form                 Ice/Tmut       ###.....     43%         4    None
 Animate Dead             Necr           N/A          45%         4    None
 Blade Hands              Tmut           ###.......   71%         5    ###....
 Spellforged Servitor     Conj/Summ      #####.....   54%         7    ######.


Dungeon Overview and Level Annotations

Branches:
Dungeon (11/15)            Temple (1/1) D:7            Lair (6/6) D:8
 Shoals (0/4) Lair:4       Spider (0/4) Lair:2        Slime (0/5) Lair:6
    Orc (2/2) D:11            Elf (0/3) Orc:2        Bailey (visited)

Altars:
Ashenzari
Cheibriados
Dithmenos
Elyvilon
Fedhas
Gozag
Hepliaklqana
Kikubaaqudgha
Makhleb
Nemelex Xobeh
Okawaru
Qazlal
Ru
Sif Muna
Trog
Uskayaw
Vehumet
Wu Jian
Xom
Yredelemnul
Zin
The Shining One
Beogh

Shops:
D:9 [   Orc:2 =%

Annotations:
D:7 3 runed translucent doors, Tarl's ghost, novice VSBe
Lair:1 3 runed translucent doors, JimmahDean's ghost, journeyman DsWn
Lair:4 exclusion: 2 oklob plants
Lair:5 3 runed translucent doors, Butohos's ghost, journeyman DsVM
Lair:6 2 runed translucent doors
Orc:2 Saint Roka


Innate Abilities, Weirdness & Mutations

You are resistant to torment.
Your stone body is resilient. (AC +10)
You are immune to poison.
Your large and strong wings let you fly indefinitely.
You resist negative energy. (rN+)
You are resistant to electric shocks. (rElec)
You can survive without breathing.
You are immune to petrification.
You are immune to rotting.
Your mind is acute. (Int +2)
You passively map a small area around you.


Message History

You can't see any susceptible monsters within range! (Use Z to cast anyway.) Saint Roka roars a battlecry!
Casting: Orb of Destruction (slightly dangerous; 6% risk of failure)
Confirm with . or Enter, or press ? or * to list all spells.
Aiming: Orb of Destruction (slightly dangerous; 6% risk of failure)
Press: ? - help, Shift-Dir - straight line, f/p - Saint Roka
Aim: Saint Roka, wielding a +0 battleaxe and wearing a +0 plate armour (almost dead)
Okay, then.
Casting: Orb of Destruction (slightly dangerous; 6% risk of failure)
Confirm with . or Enter, or press ? or * to list all spells.
Aiming: Orb of Destruction (slightly dangerous; 6% risk of failure)
Press: ? - help, Shift-Dir - straight line, f/p - Saint Roka
Aim: Saint Roka, wielding a +0 battleaxe and wearing a +0 plate armour (almost dead)
You are near starving!
Saint Roka mumbles some strange prayers to Beogh against you.
Beogh smites you!
* * * LOW HITPOINT WARNING * * *
Saint Roka mumbles some strange prayers to Beogh against you.
Beogh smites you!
You die...

##)))##..#.........#####.........
#.....##..o.......##...##.....#..
.......#..o.......#.._..#........
...8...#..........#..8..#........
^.._...#..........#.....#........
#.....##..........##...##[.[.....
##.∩.##......*.....#'###..#......
.#####........☼○......).[......#.
................@.........#..[...
##..#...#.................#.<...#
#...#<..)....#............).....#
##.###...[...#.............[....#
.#.####.....#...................#
....#####.##...............#....#
.#.###.##.#......................
#####............................
##.##........................


You could see Saint Roka and an orc warrior.

Vanquished Creatures
  2 orc warlords
  Snorg (D:11)
  Erolcha (D:10)
  11 hydras
  2 two-headed ogres
  Erica (D:10)
  Nergalle (Lair:1)
  A fire crab (Lair:6)
  2 unseen horrors (D:10)
  4 orc knights
  4 orc sorcerers
  2 oklob plants (Lair:4)
  A manticore (D:11)
  A cyclops (D:11)
  5 elephants (Lair:4)
  A centaur zombie (D:11)
  Joseph (Lair:1)
  5 black mambas
  2 merfolk sirens (Lair:4)
  2 molten gargoyles (Lair:6)
  12 spiny frogs
  A rime drake (Lair:4)
  5 komodo dragons
  2 jumping spiders (Lair:2)
  A hornet (D:7)
  2 trolls
  2 merfolk (Lair:4)
  3 polar bears
  5 hippogriffs
  11 blink frogs
  A redback (Lair:2)
  29 yaks
  7 wyverns
  Grum (D:9)
  A basilisk (Lair:6)
  3 steam dragons (Lair:6)
  4 wargs (Orc:1)
  10 porcupines
  4 hell hounds (Lair:6)
  12 water moccasins
  42 orc warriors
  A sky beast (D:5)
  4 ice beasts
  A black bear (Lair:2)
  2 necrophages
  An eye of draining (D:9)
  10 ogres
  3 centaurs
  5 phantoms
  17 wolves
  19 crocodiles
  2 big kobolds
  12 bullfrogs
  A scorpion (D:6)
  9 killer bees
  A howler monkey (D:10)
  An electric eel (Lair:1)
  A bullfrog zombie (D:6)
  2 crimson imps
  5 lava snakes (Lair:6)
  A quasit (D:11)
  20 orc priests
  Crazy Yiuf (D:4)
  A bullfrog skeleton (D:7)
  7 jellies
  3 centaur skeletons
  7 hounds
  2 iguanas (D:7)
  27 orc wizards
  6 worker ants
  A hound zombie (D:8)
  A worker ant zombie (D:5)
  3 gnolls (D:6)
  15 adders
  2 shadow imps
  6 oozes
  An adder zombie (D:5)
  3 adder skeletons (D:9)
  A worm (D:3)
  5 dart slugs
  3 leopard geckos
  120 orcs
  A ball python (D:2)
  6 giant cockroaches
  10 goblins
  6 hobgoblins
  8 jackals
  5 quokkas
  8 bats
  3 frilled lizards
  2 jackal skeletons
  15 kobolds
  A quokka skeleton (D:5)
  6 rats
  6 fungi
618 creatures vanquished.

Vanquished Creatures (others)
  9 fungi
  4 plants
13 creatures vanquished.

Grand Total: 631 creatures vanquished

Notes
Turn   | Place    | Note
-------+----------+-------------------------------------------
     0 | D:1      | BeowulfAlex the Gargoyle Earth Elementalist began the quest
                  | for the Orb.
     0 | D:1      | Reached XP level 1. HP: 10/10 MP: 3/3
   423 | D:1      | Reached skill level 4 in Earth Magic
   423 | D:1      | Reached XP level 2. HP: 14/15 MP: 5/5
   886 | D:1      | Reached XP level 3. HP: 19/19 MP: 6/6
   891 | D:1      | Learned a level 3 spell: Stone Arrow
  1368 | D:2      | Found a bloodstained altar of Trog.
  1574 | D:2      | Reached XP level 4. HP: 9/24 MP: 3/8
  1867 | D:2      | Reached skill level 1 in Conjurations
  1867 | D:2      | Reached skill level 5 in Earth Magic
  1870 | D:2      | Found a sacrificial altar of Ru.
  1879 | D:2      | Reached XP level 5. HP: 27/28 MP: 4/10
  2501 | D:3      | Learned a level 5 spell: Lee's Rapid Deconstruction
  2590 | D:3      | Reached XP level 6. HP: 11/32 MP: 8/11
  3432 | D:4      | Found a runed translucent door.
  3433 | D:4      | Noticed Crazy Yiuf
  3530 | D:4      | Killed Crazy Yiuf
  3530 | D:4      | Reached skill level 6 in Earth Magic
  3807 | D:5      | Entered Level 5 of the Dungeon
  4128 | D:5      | Noticed a sky beast
  4135 | D:5      | Killed a sky beast
  4135 | D:5      | Reached XP level 7. HP: 32/36 MP: 5/13
  4194 | D:5      | Got a polished long sword
  4195 | D:5      | Identified the cursed +2 long sword of Defiance {freeze,
                  | rPois} (You found it on level 5 of the Dungeon)
  5116 | D:6      | Reached skill level 7 in Earth Magic
  5219 | D:6      | Reached skill level 5 in Spellcasting
  5226 | D:6      | Reached XP level 8. HP: 31/41 MP: 10/15
  5320 | D:6      | Reached skill level 5 in Conjurations
  5636 | D:7      | Reached skill level 8 in Earth Magic
  5658 | D:7      | Found a radiant altar of Vehumet.
  5677 | D:7      | Became a worshipper of Vehumet
  5840 | D:7      | Reached XP level 9. HP: 19/45 MP: 8/18
  5851 | D:7      | Found a flagged portal.
  5866 | Bailey   | Entered a bailey
  6148 | Bailey   | Reached skill level 9 in Earth Magic
  6576 | Bailey   | Upgraded the game from 0.25-a0-105-g2289b3b to
                  | 0.25-a0-108-gda8bd6c
  6700 | Bailey   | Noticed an orc knight
  7094 | D:7      | Reached * piety under Vehumet
  7094 | D:7      | Offered knowledge of Freeze by Vehumet.
  7221 | D:7      | Reached skill level 1 in Armour
  7309 | D:7      | Reached skill level 1 in Fighting
  7342 | D:7      | Reached skill level 1 in Maces & Flails
  7434 | D:7      | Found a runed translucent gate.
  7464 | D:7      | Found a runed translucent gate.
  7464 | D:7      | Found a runed translucent gate.
  7465 | D:7      | Noticed Tarl's ghost (novice VSBe)
  7639 | D:7      | Found a staircase to the Ecumenical Temple.
  7744 | Temple   | Entered the Ecumenical Temple
  7951 | D:8      | Found a snail-covered altar of Cheibriados.
  7959 | D:8      | Reached skill level 10 in Earth Magic
  7961 | D:8      | Reached XP level 10. HP: 32/53 MP: 5/21
  8116 | D:8      | Noticed a two-headed ogre
  8146 | D:8      | Killed a two-headed ogre
  8146 | D:8      | Reached ** piety under Vehumet
  8146 | D:8      | Offered knowledge of Sting by Vehumet.
  8451 | D:8      | Found a staircase to the Lair.
  9025 | D:9      | Noticed Grum
  9038 | D:9      | Killed Grum
  9210 | D:9      | Offered knowledge of Searing Ray by Vehumet.
  9366 | D:9      | Reached skill level 5 in Armour
  9366 | D:9      | Reached skill level 11 in Earth Magic
  9523 | D:9      | Found a shadowy altar of Dithmenos.
  9524 | D:9      | Found a basalt altar of Yredelemnul.
  9528 | D:9      | Found a sparkling altar of Nemelex Xobeh.
  9528 | D:9      | Found a shimmering altar of Xom.
  9529 | D:9      | Found an opulent altar of Gozag.
  9530 | D:9      | Found a glowing golden altar of the Shining One.
  9577 | D:9      | Reached *** piety under Vehumet
  9599 | D:9      | Found Xydat's Armour Emporium.
  9805 | D:9      | Reached XP level 11. HP: 60/60 MP: 9/23
  9988 | Lair:1   | Entered Level 1 of the Lair of Beasts
  9988 | Lair:1   | Noticed a five-headed hydra
  9992 | Lair:1   | Killed a five-headed hydra
 10501 | Lair:1   | Offered knowledge of Inner Flame by Vehumet.
 10503 | Lair:1   | Found a runed translucent gate.
 10503 | Lair:1   | Found a runed translucent gate.
 10503 | Lair:1   | Found a runed translucent gate.
 10508 | Lair:1   | Noticed JimmahDean's ghost (journeyman DsWn)
 10759 | Lair:1   | Noticed an eight-headed hydra
 10770 | Lair:1   | Killed an eight-headed hydra
 10772 | Lair:1   | Noticed Nergalle
 10831 | Lair:1   | Noticed a spectral orc warlord
 10933 | Lair:1   | Noticed a five-headed hydra
 10938 | Lair:1   | Killed a five-headed hydra
 10938 | Lair:1   | Reached skill level 10 in Conjurations
 10994 | Lair:1   | Noticed Joseph
 11011 | Lair:1   | Killed Joseph
 11282 | Lair:1   | Killed Nergalle
 11282 | Lair:1   | Reached skill level 5 in Fighting
 11282 | Lair:1   | Reached skill level 12 in Earth Magic
 11432 | Lair:1   | Reached XP level 12. HP: 59/68 MP: 4/25
 11854 | Lair:2   | Gained mutation: You passively map a small area around you.
                  | [potion of mutation]
 11854 | Lair:2   | Gained mutation: Your mind is acute. (Int +2) [potion of
                  | mutation]
 12594 | Lair:2   | Reached skill level 5 in Maces & Flails
 12699 | Lair:2   | Reached **** piety under Vehumet
 12791 | Lair:2   | Noticed a six-headed hydra
 12810 | Lair:2   | Killed a six-headed hydra
 12987 | Lair:2   | Found a hole to the Spider Nest.
 12994 | Lair:2   | Offered knowledge of Sticky Flame by Vehumet.
 14097 | Lair:4   | Reached skill level 10 in Spellcasting
 14337 | Lair:4   | Learned a level 5 spell: Bolt of Magma
 14344 | Lair:4   | Learned a level 6 spell: Iron Shot
 14352 | Lair:4   | Learned a level 7 spell: Orb of Destruction
 14356 | Lair:4   | Learned a level 3 spell: Spectral Weapon
 14462 | Lair:4   | Reached skill level 13 in Earth Magic
 14989 | D:9      | Bought the +6 scale mail of the Bulwark {+Fly Dex+3 Slay+3}
                  | for 930 gold pieces
 15667 | Lair:4   | Reached skill level 1 in Fire Magic
 15786 | Lair:4   | Noticed a five-headed hydra
 15806 | Lair:4   | Killed a five-headed hydra
 15806 | Lair:4   | Reached XP level 13. HP: 52/75 MP: 3/27
 16250 | Lair:4   | Found a staircase to the Shoals.
 16800 | Lair:5   | Reached ***** piety under Vehumet
 16833 | Lair:5   | Offered knowledge of Lightning Bolt by Vehumet.
 17468 | Lair:5   | Found a runed translucent gate.
 17468 | Lair:5   | Found a runed translucent gate.
 17468 | Lair:5   | Found a runed translucent gate.
 17468 | Lair:5   | Noticed Butohos's ghost (journeyman DsVM)
 17724 | Lair:6   | Entered Level 6 of the Lair of Beasts
 17746 | Lair:6   | Got a dazzling buckler
 18009 | Lair:6   | Reached skill level 1 in Shields
 18188 | Lair:6   | Identified the +0 buckler of Kleptomania {Str+3 Dex+6} (You
                  | found it on level 6 of the Lair of Beasts)
 18353 | Lair:6   | Reached skill level 14 in Earth Magic
 18643 | Lair:6   | Found a large runed translucent door.
 18643 | Lair:6   | Noticed a fire dragon
 18646 | Lair:6   | Found a large runed translucent door.
 18744 | Lair:6   | Gained mutation: Your large and strong wings let you fly
                  | indefinitely. [Gargoyle growth]
 18744 | Lair:6   | Reached XP level 14. HP: 56/82 MP: 1/29
 19339 | Lair:6   | Found a staircase to the Slime Pits.
 19903 | D:10     | Entered Level 10 of the Dungeon
 20166 | D:10     | Noticed Erolcha
 20169 | D:10     | Killed Erolcha
 20171 | D:10     | Offered knowledge of Ozocubu's Refrigeration by Vehumet.
 20272 | D:10     | Noticed Erica
 20280 | D:10     | Killed Erica
 20484 | D:10     | Reached skill level 10 in Armour
 21241 | D:11     | Found a roughly hewn altar of Beogh.
 21241 | D:11     | Found a staircase to the Orcish Mines.
 21528 | D:11     | Noticed Snorg
 21530 | D:11     | Killed Snorg
 21647 | Orc:1    | Entered Level 1 of the Orcish Mines
 21660 | Orc:1    | Noticed an orc warlord
 21686 | D:11     | Killed an orc warlord
 22065 | Orc:2    | Entered Level 2 of the Orcish Mines
 22395 | Orc:1    | Noticed an orc warlord
 22403 | Orc:1    | Killed an orc warlord
 22745 | Orc:2    | Found a roughly hewn altar of Beogh.
 22837 | Orc:2    | Found a roughly hewn altar of Beogh.
 22849 | Orc:2    | Found Secwits's Jewellery Shoppe.
 22941 | Orc:2    | Offered knowledge of Bolt of Cold by Vehumet.
 23075 | Orc:2    | Found a roughly hewn altar of Beogh.
 23093 | Orc:2    | Found a staircase to the Elven Halls.
 23166 | Orc:2    | Found a roughly hewn altar of Beogh.
 23179 | Orc:2    | Found Konnerue's Food Shop.
 23452 | Orc:2    | Noticed Saint Roka
 23737 | Orc:2    | Killed from afar by Saint Roka

Levels and vault maps discovered:
D:1:      evilmike_arrival_hilbert_curve, layout_basic
D:2:      layout_basic, lemuel_crystal_altar, hangedman_ru_absence
D:3:      layout_basic, first_ration
D:4:      layout_gridville, minmay_strange_pillars, minivault_23,
          minmay_increasing_density, uniq_crazy_yiuf_cottage
D:5:      layout_gridville, kennysheep_generic_room_8
D:6:      layout_basic, st_stairs_12, minivault_27
D:7:      layout_loops_cross, vehumet_crystals, minmay_temple_entry_offerings,
          gammafunk_ghost_necromancy, enter_bailey_6
D:8:      layout_rooms, cheibriados_altar_1, grunt_lair_entry_orc_guard_hut,
          hangedman_little_slice_of_home, minmay_bent
D:9:      layout_basic, minitemple, serial_shops, shop,
          nicolae_underground_beach, uniq_grum
D:10:     layout_gridville, uniq_erolcha, uniq_erica
D:11:     layout_grid_maze, david_orc_5, serial_park_tiny_2,
          minmay_misc_feat_square, uniq_snorg
Temple:   chequers_temple_sunken
Lair:1:   statuecave_lemuel, layout_regular_city, ebering_ghost_rock_garden,
          beast_lair_carwin_1, uniq_joseph, uniq_nergalle
Lair:2:   layout_cave_shapes, spider_nest_entry_funnel_web, beast_lair_carwin_10
Lair:3:   layout_roguey
Lair:4:   layout_regular_city, elwin_shoals_entry_stream, lemuel_fruit_tree,
          serial_bayou_shore_a, grunt_megastairs_5, infiniplex_staircase_pool,
          minmay_lair_oklob_chamber
Lair:5:   layout_loops_ring, gammafunk_ghost_necromancy, grunt_megastairs_3
Lair:6:   cheibrodos_lair_end_hotspot, layout_layer_cave,
          dpeg_slime_entry_corner
Orc:1:    layout_caves
Orc:2:    grunt_orc_community_town_hall, layout_caves,
          grunt_orc_community_big_house_1, grunt_orc_community_big_house_1,
          grunt_orc_community_house_3, grunt_orc_community_house_1,
          grunt_orc_community_house_1, grunt_orc_community_house_1, special_room

Skill      XL: |  1  2  3  4  5  6  7  8  9 10 11 12 13 14 |
---------------+-------------------------------------------+-----
Earth Magic    | 4 5 6 7 8 10 11 12 13 14 | 14.9
Spellcasting   | 3 4 5 6 7 8 9 10 11 | 11.8
Conjurations   | 1 2 3 4 6 8 9 10 11 12 13 | 13.2
Armour         | 2 5 7 9 10 | 10.7
Fighting       | 1 3 5 6 7 8 |  8.2
Maces & Flails | 1 3 4 5 6 7 |  7.5
Fire Magic     | 1 3 4 |  4.9
Shields        | 3 4 |  4.0
Dodging        | |  1.5
Stealth        | |  2.1
Transmutations | |  0.7

Action                   |  1- 3 |  4- 6 |  7- 9 | 10-12 | 13-15 || total
-------------------------+-------+-------+-------+-------+-------++-------
Melee: Dagger            |   113 |       |       |       |       ||   113
       Short sword       |    38 |   153 |       |       |       ||   191
       Long sword        |       |       |   127 |    55 |       ||   182
       Flail             |       |       |       |    78 |   249 ||   327
Throw: Stone             |       |     1 |     3 |     1 |       ||     5
       Dart              |       |       |       |    15 |       ||    15
 Cast: Sandblast         |    12 |    22 |    53 |    28 |    31 ||   146
       Stone Arrow       |       |     2 |    35 |   203 |    93 ||   333
       Lee's Rapid Decon |       |       |    20 |    44 |    89 ||   153
       Iron Shot         |       |       |       |     8 |    99 ||   107
       Bolt of Magma     |       |       |       |     3 |    23 ||    26
       Orb of Destructio |       |       |       |     1 |     9 ||    10
 Abil: Evoke Flight      |       |       |       |     3 |       ||     3
       Fly               |       |       |       |       |     1 ||     1
Evoke: Wand              |       |       |       |       |     3 ||     3
  Use: Scroll            |       |       |     9 |    13 |     9 ||    31
       Potion            |       |       |       |     1 |     1 ||     2
 Stab: Sleeping          |     3 |     4 |     3 |     1 |       ||    11
       Distracted        |       |     1 |       |       |       ||     1
  Eat: Chunk             |     2 |     9 |    17 |    28 |    64 ||   120
       Ration            |       |       |       |     3 |     2 ||     5
Armor: Robe              |    69 |    56 |    74 |    50 |       ||   249
       Leather armour    |       |       |       |    65 |       ||    65
       Scale mail        |       |       |       |     8 |   187 ||   195
Dodge: Dodged            |   112 |    99 |   121 |   151 |   119 ||   602
Block: Buckler           |       |       |       |       |    83 ||    83
       Rpst.: Long sword |       |       |    41 |    13 |       ||    54

Table legend:
 A = Non-vault XP
 B = Vault XP
 C = Vault XP percentage of total XP
 D = Non-vault monster count
 E = Vault monster count
 F = Vault count percentage of total count
                 A         B        C        D         E       F
            +---------+---------+-------+---------+---------+-------
      Total |   51343 |   30928 |  37.6 |     416 |     196 |  32.0
            +---------+---------+-------+---------+---------+-------
        D:1 |      45 |       0 |   0.0 |      27 |       0 |   0.0
        D:2 |     148 |       0 |   0.0 |      22 |       0 |   0.0
        D:3 |     146 |       0 |   0.0 |      20 |       0 |   0.0
        D:4 |      13 |     103 |  88.8 |       6 |       6 |  50.0
        D:5 |     248 |       4 |   1.6 |       8 |       1 |  11.1
        D:6 |     754 |      90 |  10.7 |      16 |       1 |   5.9
        D:7 |    2171 |       0 |   0.0 |      41 |       0 |   0.0
        D:8 |     634 |    2367 |  78.9 |      16 |      20 |  55.6
        D:9 |    1198 |     434 |  26.6 |      23 |       3 |  11.5
       D:10 |    4101 |    1924 |  31.9 |      28 |       2 |   6.7
       D:11 |    4268 |    2207 |  34.1 |      24 |      24 |  50.0
     Lair:1 |    8401 |    2248 |  21.1 |      31 |       8 |  20.5
     Lair:2 |    2523 |    3189 |  55.8 |      12 |      11 |  47.8
     Lair:3 |    1334 |       0 |   0.0 |       8 |       0 |   0.0
     Lair:4 |    4104 |    4231 |  50.8 |      12 |       9 |  42.9
     Lair:5 |    6810 |     143 |   2.1 |      25 |       1 |   3.8
     Lair:6 |    6542 |    8509 |  56.5 |      28 |      27 |  49.1
      Orc:1 |    5299 |     133 |   2.4 |      39 |       1 |   2.5
      Orc:2 |    2604 |    4359 |  62.6 |      30 |      57 |  65.5
     Bailey |       0 |     987 | 100.0 |       0 |      25 | 100.0
            +---------+---------+-------+---------+---------+-------
